 Dungeon Crawl Stone Soup version 0.18.1-6-gd335043 (webtiles) character file.

49 Gargoyl the Skirmisher (level 3, 0/67 HPs)
             Began as a Demonspawn Abyssal Knight on May 18, 2016.
             Was a Follower of Lugonu.
             Killed from afar by Sigmund (6 damage)
             ... with a puff of flame
             ... on level 2 of the Dungeon on May 19, 2016.
             The game lasted 00:05:03 (1763 turns).

Gargoyl the Skirmisher (Demonspawn Abyssal Knight)  Turns: 1763, Time: 00:05:04

Health: 0/67       AC: 21    Str: 18    XL:     3   Next: 53%
Magic:  5/5        EV:  2    Int: 13    God:    Lugonu [*.....]
Gold:   93         SH:  0    Dex: 12    Spells: 0 memorised, 2 levels left

rFire  . . .     SeeInvis .     a - +1 hand axe
rCold  . . .     Gourm    .     (armour currently unavailable)
rNeg   + + +     Faith    .     (no shield)
rPois  +         Spirit   .     (helmet currently unavailable)
rElec  .         Dismiss  .     (cloak currently unavailable)
rCorr  .         Reflect  .     (gloves currently unavailable)
SustAt .         Harm     .     (boots currently unavailable)
MR     .....     NoTele   +     (no amulet)
Stlth  ..........               (no ring)
                                (no ring)

@: berserking, tree-form, very quick, not resistant to hostile enchantments,
extremely unstealthy
A: (horns 0), (cold resistance 0)
a: Depart the Abyss, Renounce Religion


You were on level 2 of the Dungeon.
You worshipped Lugonu.
Lugonu was aware of your devotion.
You were not hungry.
You were a tree.
You visited 1 branch of the dungeon, and saw 2 of its levels.
You visited the Abyss 1 time.

You collected 93 gold pieces.

Inventory:

Hand Weapons
 a - a +1 hand axe (weapon)
Armour
 i - a +0 scale mail (melded)
Wands
 d - a wand of iceblast (7/15)
Scrolls
 e - a scroll of teleportation {unknown}
 h - 2 scrolls of identify {unknown}
 j - a scroll of enchant armour {unknown}
Potions
 g - a potion of flight
Comestibles
 c - 2 bread rations
 f - a slice of pizza
 l - a meat ration


   Skills:
 + Level 3.7 Fighting
 + Level 2.2 Axes
 * Level 2.2 Armour
 + Level 1.1 Dodging
 + Level 0.2 Stealth
 + Level 2.7 Invocations


You had 2 spell levels left.
You didn't know any spells.

Dungeon Overview and Level Annotations

Branches:
Dungeon (2/15)

Altars:

Annotations:
D:2 Sigmund


Innate Abilities, Weirdness & Mutations

((You have a pair of small horns on your head.))
((Your flesh is cold resistant.))


Message History

A magic dart appears from out of thin air!
The magic dart hits you!
You swing at nothing.
You hear some strange, mumbled words.
A puff of flame appears from out of thin air!
The puff of flame hits you!
* * * LOW HITPOINT WARNING * * *
You swing at nothing.
Something hits you.
* * * LOW HITPOINT WARNING * * *
You swing at nothing.
Something hits you but does no damage.
Drink which item? (? for menu, Esc to quit)
It was a potion of berserk rage.
A red film seems to cover your vision as you go berserk!
You feel yourself moving faster!
You feel mighty!
You swing at nothing.
You feel a strong urge to attack something.
You hear some strange, mumbled words.
A puff of flame appears from out of thin air!
Helpless, you fail to dodge the puff of flame.
You die...

.#........ ... ......... .....
##....... .... ........# #####
.... #.....)# #...#### ....
#......# #......# #..#
#......########..#.#.########...
#............##......##.........
###..........{.♣.#.#........#.#.
#..........##.............#.#.
#..........####...........#...
#..........# #...........###.
############ #...........####
#...............
#...........####
#...........####
#..............#


There were no monsters in sight!

Vanquished Creatures
  An adder (D:2)
  2 dart slugs (D:1)
  A giant gecko (D:1)
  A giant cockroach (D:1)
  2 goblins
  5 hobgoblins
  3 jackals (D:1)
  3 kobolds (D:1)
  A ball python (D:1)
  9 bats
  2 giant newts
  4 rats
34 creatures vanquished.

Notes
Turn   | Place    | Note
--------------------------------------------------------------
     0 | Abyss:1  | Gargoyl the Demonspawn Abyssal Knight began the quest for the Orb.
     0 | Abyss:1  | Reached XP level 1. HP: 18/18 MP: 2/2
    30 | Abyss:1  | Noticed a small abomination
    66 | Abyss:2  | Noticed a thrashing horror
    70 | D:1      | Escaped the Abyss
   737 | D:1      | Gained mutation: You have a pair of small horns on your head. [demonic ancestry]
   737 | D:1      | Reached XP level 2. HP: 23/24 MP: 3/3
   887 | D:1      | Reached * piety under Lugonu
  1282 | D:1      | Reached skill level 1 in Dodging
  1397 | D:1      | Gained mutation: Your flesh is cold resistant. [demonic ancestry]
  1397 | D:1      | Reached XP level 3. HP: 22/29 MP: 5/5
  1736 | D:2      | Noticed Sigmund
  1763 | D:2      | Killed from afar by Sigmund

Skill      XL: |  1  2 |
---------------+-------+-----
Armour         | 2 |  2.2
Axes           | 2 |  2.2
Dodging        | 1 |  1.1
Fighting       | |  3.7
Stealth        | |  0.2
Invocations    | |  2.7

Action                   || total
-------------------------++-------
Melee: Hand axe          ||    96
       Headbutt          ||     6
Invok: Depart the Abyss  ||     1
  Use: Scroll            ||     1
       Potion            ||     3
  Eat: Chunk             ||     3
Armor: Leather armour    ||    14
       Scale mail        ||    38
       Skin              ||     4
Dodge: Dodged            ||    85
